cohdb
Replays
Latest Replays
All Replays
Popular Replays
Top Player Replays
Match Explorer
How It Works
Community
CoH3 Stats
Reddit
Sign in to upload your games and track your stats! →
Sign in with Steam
Match 41180762
Unlisted
Match 41180762
Overview
Messages
Build Orders
End
Construct Infanterie Kompanie
Selects Italian Coastal Battlegroup
Selects Coastal Reserves
Coastal Reserve
MG 42 Machine Gun Team
Coastal Reserve
Medical Station
Construct Luftwaffe Kompanie
Selects Artillery Officer
Artillery Officer
Medical Bunker
Support Elements
GrW 34 Mortar Team
Marder III M Tank Destroyer
MG 42 Bunker
Selects Support Bunkers
Wirbelwind Flakpanzer
Selects Designated Artillery Overwatch
Marder III M Tank Destroyer
Designated Artillery Overwatch
Selects Bulwark
Medical Bunker
MG 42 Bunker
Marder III M Tank Destroyer
Construct Panzer Kompanie
Stoßtruppen Squad
Selects Coastal Wall
Designated Artillery Overwatch
Pioneer Squad
Pioneer Squad
Panzer IV Medium Tank
Catkovsky
[HAN]Diederick Kastner
Abandoned
VeeDee
Maksus66
Lunchbox
南无阿弥 陀佛普渡众生
Candy
0
0
Comments
sign in to comment!
No comments posted yet!